 Dungeon Crawl Stone Soup version 0.31.0-9-g3a7656b989 (webtiles) character file.

Game seed: 1102915937676935919

24469 Ijustatesigmund the Destroyer (level 13, -7/76 HPs)
             Began as a Gargoyle Earth Elementalist on Jan 22, 2024.
             Was an Elder of Vehumet.
             Mangled by a rockslime (32 damage)
             ... on level 12 of the Dungeon on Jan 24, 2024.
             The game lasted 00:49:28 (19707 turns).

Ijustatesigmund the Destroyer (GrEE)               Turns: 19707, Time: 00:49:29

Health: -7/76      AC: 24    Str: 13    XL:     13   Next: 13%
Magic:  1/25       EV: 10    Int: 26    God:    Vehumet [****..]
Gold:   818        SH: 12    Dex: 10    Spells: 14/28 levels left

rFire   . . .        e - +2 flail (holy)
rCold   . . .        B - +2 kite shield
rNeg    + . .        a - +1 steam dragon scales
rPois   ∞            d - +0 helmet
rElec   +            g - +1 cloak
rCorr   .            m - +0 pair of gloves
SInv    .            c - +2 pair of boots
Will    .....        (no amulet)
Stlth   ++           h - ring of wizardry
HPRegen 0.32/turn    J - +6 ring of intelligence
MPRegen 0.19/turn

%: wizardry (x1)
@: no status effects
A: sickness immunity, AC +9, negative energy resistance 1, electricity
resistance, torment resistance 1, petrification resistance, talons 1, wild magic
1
a: Renounce Religion


You were on level 12 of the Dungeon.
You worshipped Vehumet.
Vehumet was greatly pleased with you.
You visited 2 branches of the dungeon, and saw 13 of its levels.
You also visited: Sewer and Bailey.

You collected 972 gold pieces.
You spent 154 gold pieces at shops.

Inventory:

Hand Weapons
 e - a +2 flail of holy wrath (weapon)
 i - a +4 quarterstaff of chaos
 u - a +2 whip of freezing
Missiles
 C - 2 throwing nets
Armour
 a - +1 steam dragon scales (worn)
 c - a +2 pair of boots (worn)
 d - a +0 helmet (worn)
 g - a +1 cloak (worn)
 l - a +0 troll leather armour
 m - a +0 pair of gloves (worn)
 B - a +2 kite shield (worn)
Jewellery
 h - a ring of wizardry (left hand)
 z - a ring of ice
 A - a ring of positive energy
 H - a ring of protection from fire
 J - a +6 ring of intelligence (right hand)
 L - an amulet of guardian spirit
 N - a ring of wizardry
Wands
 G - a wand of polymorph (14)
 M - a wand of flame (9)
Scrolls
 f - 2 scrolls of amnesia
 k - 7 scrolls of teleportation
 r - a scroll of blinking
 v - a scroll of vulnerability
 y - 3 scrolls of enchant weapon
 D - 7 scrolls of enchant armour
 E - a scroll of revelation
 F - a scroll of fog
Potions
 b - 2 potions of magic
 j - 10 potions of mutation
 n - 3 potions of enlightenment
 o - 3 potions of resistance
 p - 3 potions of attraction
 q - 2 potions of might
 s - a potion of ambrosia
 t - 2 potions of curing
 w - 2 potions of cancellation
 x - a potion of brilliance {unknown}
 I - 2 potions of haste
 K - 4 potions of heal wounds


   Skills:
 - Level 7.5 Fighting
 - Level 7.5 Maces & Flails
 + Level 4.2 Armour
 + Level 2.2 Dodging
 - Level 2.1 Stealth
 - Level 8.0 Shields
 + Level 8.3 Spellcasting
 + Level 9.4 Conjurations
 * Level 2.4 Fire Magic
 - Level 6.2 Air Magic
 - Level 8.0 Earth Magic
 - Level 6.2 Alchemy


You had 14 spell levels left.
You knew the following spells:

 Your Spells              Type           Power      Damage    Failure   Level
a - Sandblast             Erth           100%       2d20      1%          1
b - Stone Arrow           Conj/Erth      100%       3d13      1%          3
c - Mercury Vapours       Alch/Air       100%       N/A       1%          2
d - Olgreb's Toxic Radia  Alch           54%        N/A       1%          4
e - Ignite Poison         Fire/Alch      43%        N/A       3%          4

Your spell library contained the following spells:

 Spells                   Type           Power      Damage    Failure   Level
 Conjure Ball Lightning   Conj/Air       30%        3x3d10    12%         6
 Kiss of Death            Conj/Necr      100%       2d13      1%          1
 Sting                    Conj/Alch      100%       1d9       1%          1
 Scorch                   Fire           60%        2d7       1%          2
 Passwall                 Erth           62%        N/A       1%          3
 Brom's Barrelling Bould  Conj/Erth      65%        2d8       1%          4
 Flame Wave               Conj/Fire      53%        2d13      2%          4
 Petrify                  Alch/Erth      58%        N/A       4%          4
 Freezing Cloud           Conj/Ice/Air   24%        6-21      6%          5
 Necrotise                Necr           56%        1d6       9%          1
 Summon Small Mammal      Summ           56%        N/A       9%          1
 Lesser Beckoning         Tloc           28%        N/A       12%         2
 Yara's Violent Unravell  Hex/Alch       17%        3d8       14%         5
 Call Canine Familiar     Summ           14%        N/A       22%         3
 Confusing Touch          Hex            14%        N/A       22%         3
 Fugue of the Fallen      Necr           14%        N/A       22%         3
 Gell's Gravitas          Tloc           14%        N/A       22%         3
 Ozocubu's Armour         Ice            14%        N/A       22%         3
 Teleport Other           Tloc           14%        N/A       22%         3
 Tukima's Dance           Hex            14%        N/A       22%         3
 Vampiric Draining        Necr           14%        2d7       22%         3
 Summon Blazeheart Golem  Fire/Summ      22%        N/A       38%         4
 Dispel Undead            Necr           14%        3d10      56%         4
 Manifold Assault         Tloc           14%        N/A       56%         4
 Martyr's Knell           Necr/Summ      14%        N/A       56%         4
 Passage of Golubria      Tloc           14%        N/A       56%         4
 Curse of Agony           Necr           14%        N/A       86%         5
 Sculpt Simulacrum        Ice/Alch       17%        N/A       94%         6
 Ozocubu's Refrigeration  Ice            7%         4d9       99%         7
 Polar Vortex             Ice            7%         N/A       99%         9
 Summon Cactus Giant      Summ           7%         N/A       100%        6
 Cigotuvi's Dreadful Rot  Necr/Alch/Air  Unusable   N/A       N/A         2

Dungeon Overview and Level Annotations

Branches:
Dungeon (12/15)            Temple (1/1) D:5            Lair (0/5) D:11
    Orc (0/2) D:11          Sewer (visited)          Bailey (visited)

Altars:
Ashenzari
Cheibriados
Dithmenos
Elyvilon
Fedhas
Gozag
Hepliaklqana
Kikubaaqudgha
Makhleb
Nemelex Xobeh
Okawaru
Qazlal
Ru
Sif Muna
Trog
Uskayaw
Vehumet
Wu Jian
Xom
Yredelemnul
Zin
The Shining One
Jiyva

Shops:
D:5 *   D:9 !

Annotations:
D:9 2 transporters, AlterAsc's ghost, journeyman OpSh
D:12 mohammadb5305's ghost, novice DjCj


Innate Abilities, Weirdness & Mutations

You are immune to sickness and miasma.
Your stone body is resilient. (AC +9)
You are immune to poison.
You resist negative energy. (rN+)
You are resistant to electric shocks. (rElec)
You are resistant to unholy torment.
You are immune to petrification.
You have sharp toenails.
Your spells are a little harder to cast, but a little more powerful.


Message History

The rockslime hits you but does no damage.
Casting: Stone Arrow (safe; 1% risk of failure)
Confirm with . or Enter, or press ? or * to list all spells.
Aiming: Stone Arrow (safe; 1% risk of failure)
Press: ? - help, Shift-Dir - straight line, f/p - rockslime
Aim: a rockslime (heavily wounded, 100% to hit)
The stone arrow hits the rockslime but does no damage.
The rockslime is heavily wounded.
The rockslime hits you.
You hold your ground!
Casting: Stone Arrow (safe; 1% risk of failure)
Confirm with . or Enter, or press ? or * to list all spells.
Aiming: Stone Arrow (safe; 1% risk of failure)
Press: ? - help, Shift-Dir - straight line, f/p - rockslime
Aim: a rockslime (heavily wounded, 100% to hit)
The stone arrow hits the rockslime!
The rockslime is severely wounded.
The rockslime barely misses you.
Casting: Stone Arrow (safe; 1% risk of failure)
Confirm with . or Enter, or press ? or * to list all spells.
Aiming: Sandblast (safe; 1% risk of failure)
Press: ? - help, Shift-Dir - straight line, f/p - rockslime
Aim: a rockslime (severely wounded, 100% to hit)
The blast of sand hits the rockslime!
The rockslime is almost dead.
You block the rockslime's attack. x2
Casting: Sandblast (safe; 1% risk of failure)
Confirm with . or Enter, or press ? or * to list all spells.
Aiming: Sandblast (safe; 1% risk of failure)
Press: ? - help, Shift-Dir - straight line, f/p - rockslime
Aim: a rockslime (almost dead, 100% to hit)
The blast of sand hits the rockslime but does no damage.
The rockslime is almost dead.
You block the rockslime's attack. x2
You hit the rockslime but do no damage.
The rockslime is almost dead.
The rockslime hits you!!
You hold your ground!
You hit the rockslime but do no damage.
The rockslime is almost dead.
The rockslime hits you.
You hold your ground!
The rockslime hits you!!
You die...

#.##.## #.....##.....#
##.....########.######JJ...#
.....................##JJJ##
#####....####...######JWJG.#
#...............#.......#
###..#......#######..GGJ..#
###....#.##.....## #GG.....#
....###..###.##J.# ##GG:$J##
###(#...###..###@# ##[_[##
.##.#.###...## #.# ###
..........### #.# #.#
.##.#.##### #.# #.# .##.#.#
#.## ####.# ......# #..#
#....# ....### ##.####.####
...)## #.#..>.# .....###
####...####


You could see a rockslime.

Vanquished Creatures
  A quicksilver ooze (D:12)
  A centaur warrior (D:12)
  2 death yaks
  4 two-headed ogres
  A necromancer (D:9)
  The ghost of P0WERM0DE the Ruffian, a novice BaSh of Cheibriados (D:6)
  Pikel (D:4)
  3 orc knights (Bailey)
  2 manticores (D:12)
  An ugly thing (D:11)
  A meliai (D:9)
  Joseph (D:8)
  A gargoyle (D:11)
  A kobold demonologist (D:9)
  An unseen horror (D:12)
  A polar bear (D:9)
  Grinder (D:3)
  3 trolls
  Prince Ribbit (D:5)
  9 slime creatures
  Sigmund (D:5)
  2 shadows
  17 yaks
  A water elemental (D:11)
  2 wraiths
  A wyvern (D:7)
  3 steam dragons (D:8)
  Menkaure (D:4)
  4 vampire mosquitoes (D:12)
  2 acid dragons
  2 water moccasins (D:9)
  An ice beast (D:7)
  A black bear (D:4)
  17 orc warriors
  A wolf (D:9)
  6 centaurs
  2 phantoms
  Blork the orc (D:4)
  5 kobold brigands
  3 bullfrogs
  4 gnoll sergeants
  A brain worm (Sewer)
  2 scorpions
  A wight (D:9)
  12 killer bees
  6 electric eels (D:11)
  A bombardier beetle (D:6)
  4 howler monkeys
  3 jellies (D:7)
  Crazy Yiuf (D:3)
  5 hounds
  6 orc priests
  4 gnoll boudas
  A sleepcap (D:5)
  5 iguanas
  10 orc wizards
  3 yak simulacra (D:9)
  2 hell rats (D:11)
  2 polar bear simulacra (D:9)
  4 wolf simulacra (D:9)
  35 gnolls
  11 adders
  6 river rats
  3 shadow imps
  2 ufetubi (D:6)
  2 dart slugs
  3 ribbon worms
  50 orcs
  13 bats
  10 endoplasms
  4 giant cockroaches
  4 goblins
  11 hobgoblins
  8 jackals
  20 kobolds
  9 quokkas
  15 ball pythons
  3 frilled lizards (D:1)
  7 rats
  2 river rat simulacra (D:9)
405 creatures vanquished.

Vanquished Creatures (collateral kills)
  A death yak (D:11)
  4 orcs (Bailey)
  A kobold (D:9)
6 creatures vanquished.

Vanquished Creatures (others)
  An orc warrior (Bailey)
  A gnoll bouda (D:8)
  An orc wizard (D:8)
  3 gnolls (D:8)
  2 orcs (Bailey)
  2 kobolds (D:9)
10 creatures vanquished.

Grand Total: 421 creatures vanquished

Notes
Turn   | Place    | Note
-------+----------+-------------------------------------------
     0 | D:1      | Ijustatesigmund the Gargoyle Earth Elementalist began the
                  | quest for the Orb.
     0 | D:1      | Reached XP level 1. HP: 10/10 MP: 3/3
   152 | D:1      | Reached XP level 2. HP: 16/16 MP: 1/5
   217 | D:1      | Reached skill level 1 in Fighting
   754 | D:1      | Reached XP level 3. HP: 20/20 MP: 3/6
   790 | D:1      | Learned a level 3 spell: Stone Arrow
  1555 | D:2      | Reached XP level 4. HP: 19/26 MP: 2/7
  1564 | D:2      | Gained mutation: You occasionally lose the ability to drink
                  | potions when taking damage. [potion of mutation]
  1564 | D:2      | Gained mutation: You are partially covered in iridescent
                  | scales. (AC +2) [potion of mutation]
  1564 | D:2      | Gained mutation: You have sharp toenails. [potion of
                  | mutation]
  1579 | D:2      | HP: 1/26 [gnoll/+0 spear (4)]
  1783 | D:1      | Lost mutation: You occasionally lose the ability to drink
                  | potions when taking damage. [potion of mutation]
  1783 | D:1      | Lost mutation: You are partially covered in iridescent
                  | scales. (AC +2) [potion of mutation]
  1783 | D:1      | Gained mutation: Your spells are a little harder to cast,
                  | but a little more powerful. [potion of mutation]
  2087 | D:2      | Found a faded altar of an unknown god.
  2088 | D:2      | Noticed a glass eye
  2099 | D:2      | Noticed an eye of devastation
  2113 | D:2      | Noticed a glass eye
  2116 | D:2      | Noticed a glass eye
  2341 | D:3      | Reached skill level 2 in Conjurations
  2459 | D:3      | Noticed Grinder
  2467 | D:3      | Killed Grinder
  2468 | D:3      | Reached skill level 3 in Conjurations
  2468 | D:3      | Reached skill level 5 in Earth Magic
  2468 | D:3      | Reached XP level 5. HP: 32/32 MP: 4/10
  2468 | D:3      | Reached XP level 6. HP: 37/37 MP: 4/11
  2676 | D:3      | Found a glowing drain.
  2680 | Sewer    | Entered a sewer
  3080 | Sewer    | Reached skill level 1 in Maces & Flails
  3080 | Sewer    | Reached XP level 7. HP: 35/41 MP: 5/12
  3932 | D:3      | Found a shadowy altar of Dithmenos.
  4219 | D:3      | Found a runed translucent door.
  4220 | D:3      | Noticed Crazy Yiuf
  4232 | D:3      | Killed Crazy Yiuf
  4404 | D:4      | Reached skill level 4 in Conjurations
  4598 | D:4      | Noticed Blork the orc
  4602 | D:4      | Killed Blork the orc
  5347 | D:4      | Reached XP level 8. HP: 45/46 MP: 11/14
  5449 | D:4      | Noticed Pikel
  5455 | D:4      | Killed Pikel
  5456 | D:4      | Reached skill level 5 in Conjurations
  5640 | D:4      | Noticed Menkaure
  5642 | D:4      | Killed Menkaure
  5643 | D:4      | Reached skill level 5 in Spellcasting
  5845 | D:5      | Entered Level 5 of the Dungeon
  5866 | D:5      | Found Tol Ypug's Neck Hole.
  5935 | D:5      | Noticed Prince Ribbit
  5937 | D:5      | Noticed Sigmund
  5942 | D:5      | Killed Prince Ribbit
  5943 | D:5      | Reached XP level 9. HP: 44/51 MP: 11/17
  5945 | D:5      | Killed Sigmund
  6004 | D:5      | Learned a level 2 spell: Mercury Vapours
  6174 | D:5      | Found a staircase to the Ecumenical Temple.
  6184 | Temple   | Entered the Ecumenical Temple
  6210 | Temple   | Became a worshipper of Vehumet
  6847 | D:6      | Reached skill level 6 in Conjurations
  6951 | D:6      | Reached skill level 1 in Alchemy
  6974 | D:6      | Reached skill level 1 in Air Magic
  7582 | D:6      | Reached skill level 1 in Shields
  7860 | D:6      | Found a runed translucent door.
  7863 | D:6      | Noticed P0WERM0DE's ghost (novice BaSh)
  7911 | D:6      | Killed P0WERM0DE's ghost
  7914 | D:6      | Reached * piety under Vehumet
  7914 | D:6      | Offered knowledge of Freeze by Vehumet.
  8192 | D:7      | Found a shimmering altar of Xom.
  8194 | D:7      | Found a glowing golden altar of the Shining One.
  8194 | D:7      | Found an ornate altar of the Wu Jian Council.
  8194 | D:7      | Found a hazy altar of Hepliaklqana.
  8199 | D:7      | Reached XP level 10. HP: 56/56 MP: 14/18
  8402 | D:7      | Identified the +2 quarterstaff "Badaz" {heavy, Stlth+}
  8909 | D:7      | Found a sparkling altar of Nemelex Xobeh.
  9402 | D:8      | Offered knowledge of Momentum Strike by Vehumet.
  9406 | D:8      | Reached ** piety under Vehumet
  9872 | D:8      | Reached skill level 5 in Shields
 10545 | D:8      | Noticed Joseph
 10580 | D:8      | Killed Joseph
 10824 | D:9      | Noticed a two-headed ogre
 10824 | D:9      | Noticed a two-headed ogre
 10830 | D:9      | Found a transporter.
 10833 | D:9      | Noticed a two-headed ogre
 10834 | D:9      | Noticed a moth of wrath
 10835 | D:9      | Found a bloodstained altar of Trog.
 10839 | D:9      | Noticed a two-headed ogre
 10845 | D:9      | Found a transporter.
 10845 | D:9      | Noticed a two-headed ogre
 10846 | D:9      | Found a snail-covered altar of Cheibriados.
 10846 | D:9      | Noticed a tengu warrior
 10867 | D:9      | Noticed a kobold demonologist
 10871 | D:9      | Noticed a sixfirhy
 10882 | D:9      | Noticed a sun demon
 10884 | D:9      | Killed a kobold demonologist
 10903 | D:9      | Found a flagged portal.
 10912 | Bailey   | Entered a bailey
 11247 | Bailey   | Offered knowledge of Dazzling Flash by Vehumet.
 11446 | Bailey   | Noticed an orc knight
 11471 | Bailey   | Noticed an orc knight
 11472 | Bailey   | Killed an orc knight
 11473 | Bailey   | Reached skill level 5 in Air Magic
 11473 | Bailey   | Reached skill level 5 in Alchemy
 11473 | Bailey   | Reached XP level 11. HP: 14/60 MP: 9/19
 11477 | Bailey   | Noticed an orc knight
 11478 | Bailey   | Killed an orc knight
 11523 | Bailey   | Killed an orc knight
 12188 | D:8      | Upgraded the game from 0.31.0-4-g52a2dc7128 to
                  | 0.31.0-9-g3a7656b989
 12645 | D:9      | Reached *** piety under Vehumet
 12845 | D:9      | Noticed a two-headed ogre
 12850 | D:9      | Killed a two-headed ogre
 13127 | D:9      | Found Ceti's Distillery.
 13137 | D:9      | Bought 2 potions of heal wounds for 140 gold pieces
 13137 | D:9      | Bought a potion of degeneration for 14 gold pieces
 13145 | D:9      | Learned a level 4 spell: Olgreb's Toxic Radiance
 13226 | D:9      | Noticed a two-headed ogre
 13236 | D:10     | Entered Level 10 of the Dungeon
 13532 | D:9      | Killed a two-headed ogre
 13703 | D:9      | Reached skill level 5 in Maces & Flails
 13736 | D:9      | Offered knowledge of Volatile Blastmotes by Vehumet.
 13936 | D:9      | Noticed AlterAsc's ghost (journeyman OpSh)
 13962 | D:9      | Reached skill level 7 in Conjurations
 14018 | D:9      | Noticed a necromancer
 14025 | D:9      | Killed a necromancer
 14097 | D:9      | Identified the +3 ring mail of the Beginning {Rampage
                  | Dex+2}
 14112 | D:9      | Reached XP level 12. HP: 68/68 MP: 19/21
 14260 | D:9      | Reached skill level 5 in Fighting
 14261 | D:9      | Reached **** piety under Vehumet
 14567 | D:10     | Noticed a two-headed ogre
 14570 | D:10     | Killed a two-headed ogre
 14912 | D:10     | Offered knowledge of Arcjolt by Vehumet.
 15841 | D:11     | Found a staircase to the Lair.
 15841 | D:11     | Noticed a death yak
 15841 | D:11     | Noticed a death yak
 15846 | D:11     | Noticed a death yak
 15855 | D:11     | Killed a death yak
 15856 | D:11     | Reached skill level 8 in Conjurations
 15869 | D:10     | Killed a death yak
 16097 | D:11     | Killed a death yak
 16482 | D:11     | Found a staircase to the Orcish Mines.
 16485 | D:11     | Reached ***** piety under Vehumet
 16763 | D:11     | Offered knowledge of Conjure Ball Lightning by Vehumet.
 18167 | D:12     | Found a shadowy altar of Dithmenos.
 18411 | D:12     | Reached skill level 9 in Conjurations
 18703 | D:12     | Noticed a two-headed ogre
 18716 | D:12     | Killed a two-headed ogre
 18823 | D:12     | Found a runed translucent gate.
 18824 | D:12     | Found a runed translucent gate.
 18824 | D:12     | Found a runed translucent gate.
 19031 | D:12     | Learned a level 4 spell: Ignite Poison
 19054 | D:12     | Reached XP level 13. HP: 76/76 MP: 19/25
 19305 | D:12     | Reached skill level 1 in Fire Magic
 19520 | D:12     | Noticed an azure jelly
 19520 | D:12     | Noticed a rockslime
 19520 | D:12     | Noticed an azure jelly
 19520 | D:12     | Noticed an azure jelly
 19520 | D:12     | Noticed mohammadb5305's ghost (novice DjCj)
 19520 | D:12     | Noticed an azure jelly
 19520 | D:12     | Noticed an acid blob
 19521 | D:12     | Noticed a quicksilver ooze
 19522 | D:12     | Found a viscous altar of Jiyva.
 19697 | D:12     | Killed a quicksilver ooze
 19707 | D:12     | Mangled by a rockslime

Illustrated notes

Levels and vault maps discovered:
D:1:      dpeg_arrival_tiny_d, layout_basic
D:2:      layout_loops_cross, hellmonk_ecumenical_altar_watching_god
D:3:      layout_basic, mainiacjoe_overflow_24_doors, gup_sewer_entry_spiral,
          minmay_surrounded, uniq_crazy_yiuf_cottage, uniq_grinder
D:4:      layout_gridville, uniq_blork_the_orc, uniq_menkaure, uniq_pikel
D:5:      layout_gridville, minmay_temple_entry_overgrown, serial_glass,
          glass_columns_b, glass_columns_a, nicolae_shop_sticking_my_neck_out,
          uniq_prince_ribbit1, uniq_sigmund
D:6:      layout_loops_ring, ebering_ghost_sewer_d, minmay_misc_feat_hallway,
          grunt_ministairs_11
D:7:      wander_river, layout_rooms, grunt_temple_overflow_open,
          nemelex_diamond_rough_becter
D:8:      layout_basic, minivault_5, kennysheep_path_1, uniq_joseph
D:9:      minmay_bubble_buster, layout_irregular_city,
          mainiacjoe_overflow_cross_hatched, enter_bailey_6, serial_shops,
          nicolae_shop_competitors_out_of_business,
          gammafunk_ghost_wrathful_warriors, amcnicky_mini_pool_small,
          corexii_checkpoint, eino_house_with_fridge
D:10:     layout_gridville
D:11:     layout_roguey, dpeg_lair_monsters, erik_orc_4, chequers_big_river
D:12:     layout_rooms, gammafunk_ghost_ooze, grunt_decor_resistance,
          grunt_dithmenos_smoke
Temple:   regret_index_temple_generic_petals

Skill      XL: |  1  2  3  4  5  6  7  8  9 10 11 12 13 |
---------------+----------------------------------------+-----
Fighting       | 1 2 3 4 7 |  7.5
Earth Magic    | 4 5 6 7 8 |  8.0
Conjurations   | 3 4 5 6 7 9 |  9.4
Spellcasting   | 3 4 5 6 8 |  8.3
Maces & Flails | 1 2 4 5 7 |  7.5
Armour         | 3 4 |  4.2
Alchemy        | 3 5 6 |  6.2
Air Magic      | 2 5 6 |  6.2
Shields        | 3 6 8 |  8.0
Fire Magic     | 2 |  2.4
Dodging        | 2 |  2.2
Stealth        | |  2.1

Action                     |  1- 3 |  4- 6 |  7- 9 | 10-12 | 13-15 || total
---------------------------+-------+-------+-------+-------+-------++-------
  Melee: Unarmed           |    21 |       |       |       |       ||    21
         Short sword       |       |    16 |       |       |       ||    16
         Kick              |       |     2 |       |       |       ||     2
         Flail             |       |     3 |    85 |   509 |     2 ||   599
         Punch             |       |       |     1 |     1 |       ||     2
         Whip              |       |       |    41 |       |       ||    41
   Cast: Sandblast         |    52 |    72 |   161 |   153 |     4 ||   442
         Mercury Vapours   |       |       |     6 |    13 |       ||    19
         Stone Arrow       |       |       |     3 |   126 |    23 ||   152
         Olgreb's Toxic Ra |       |       |       |    43 |     3 ||    46
  Evoke: Wand              |       |       |       |    19 |       ||    19
    Use: Scroll            |       |     6 |     3 |    18 |     1 ||    28
         Potion            |       |     4 |     1 |     5 |       ||    10
 Armour: Robe              |    21 |    57 |   171 |   165 |       ||   414
         Steam dragon scal |       |       |       |   605 |    14 ||   619
  Dodge: Dodged            |    16 |    60 |   151 |   351 |     5 ||   583
  Block: Kite shield       |       |       |       |   507 |    10 ||   517
